 Seeded DCSS version 0.29.1-1-gd02db6906a (webtiles) character file.

Game seed: 2387645567842811425 (custom seed)

56 lonewolfV2 the Trooper (level 3, 0/61 HPs)
             Began as an Ogre Berserker on Oct 19, 2022.
             Was a Follower of Trog.
             Slain by a gnoll
             ... wielding a +0 spear
              (5 damage)
             ... on level 2 of the Dungeon.
             The game lasted 00:03:53 (768 turns).

lonewolfV2 the Trooper (Ogre Berserker)              Turns: 768, Time: 00:03:54

Health: 0/61       AC: 21    Str: 23    XL:     3   Next: 95%
Magic:  3/3        EV:  1    Int:  8    God:    Trog [*.....]
Gold:   61         SH:  0    Dex: 14    Spells: 2/2 levels left

rFire   . . .      SeeInvis .   a - +0 hand axe
rCold   . . .      Faith    .   (no shield)
rNeg    . . .      Spirit   .   (body armour currently unavailable)
rPois   +          Reflect  .   (helmet currently unavailable)
rElec   .          Harm     .   (cloak currently unavailable)
rCorr   .          Rampage  .   (gloves unavailable)
Will    .....      NoTele   +   (boots unavailable)
Stlth   +.........              (no amulet)
HPRegen 0.20/turn               f - +6 ring of dexterity
MPRegen 0.08/turn               (no ring)

@: tree-form, studying Axes
A: stationary, stasis, torment immunity, boosted hp, large, unfitting armour,
(tough skin 1)
a: Renounce Religion, Berserk


You were on level 2 of the Dungeon.
You worshipped Trog.
Trog was aware of your devotion.
You were a tree.
You visited 1 branch of the dungeon, and saw 2 of its levels.

You collected 61 gold pieces.

Inventory:

Hand Weapons
 a - a +0 hand axe (weapon)
Missiles
 i - 2 throwing nets (quivered)
Armour
 b - a +0 animal skin (melded)
 c - the +2 cloak "Heips" (melded) {Dex+3}
   (You acquired it on level 2 of the Dungeon)

   Dex:       It affects your dexterity (+3).
Jewellery
 f - a +6 ring of dexterity (left branch)


   Skills:
 + Level 4.9 Fighting
 + Level 4.1 Axes
 + Level 3.2 Dodging


You had 2 spell levels left.
You didn't know any spells.
Your spell library was empty.

Dungeon Overview and Level Annotations

Branches:
Dungeon (2/15)

Altars:
Nemelex Xobeh


Innate Abilities, Weirdness & Mutations

You are a tree.
Your roots penetrate the ground, keeping you stationary.
You cannot be teleported.
You are immune to unholy pain and torment.
Your maximum health is greatly increased.
Your equipment is partially melded.
You are too large for most types of armour.
((You have tough skin. (AC +1)))


Message History

A gnoll comes into view. It is wielding a +0 spear.
It was a potion of lignification.
You turn into a tree.
The +2 cloak "Heips" {Dex+3} melds into your body.
Your +0 animal skin melds into your body.
Your roots penetrate the ground.
The gnoll shouts!
It was a potion of curing.
You feel better. The gnoll hits you but does no damage.
The gnoll hits you from afar with a +0 spear.
The gnoll hits you from afar with a +0 spear.
* * * LOW HITPOINT WARNING * * *
The gnoll hits you from afar with a +0 spear.
* * * LOW HITPOINT WARNING * * *
A goblin comes into view. It is wielding a +0 whip.
The gnoll hits you from afar with a +0 spear.
* * * LOW HITPOINT WARNING * * *
The gnoll hits you but does no damage. The gnoll hits you but does no damage.
The gnoll hits you from afar with a +0 spear.
* * * LOW HITPOINT WARNING * * *
The gnoll hits you but does no damage. The gnoll hits you but does no damage.
The gnoll hits you but does no damage.
The gnoll hits you from afar with a +0 spear.
* * * LOW HITPOINT WARNING * * *
The gnoll hits you but does no damage. The gnoll hits you but does no damage.
The gnoll hits you from afar with a +0 spear.
* * * LOW HITPOINT WARNING * * *
You aren't carrying any potions.
As you read the scroll labelled TOMOTAGRYT, it crumbles to dust.
You feel aware of your surroundings.
It was a scroll of magic mapping.
The gnoll hits you but does no damage.
As you read the scroll labelled KOOGIZ YTHRUN, it crumbles to dust.
The creatures around you are filled with an inner flame!
It was a scroll of immolation.
The gnoll hits you but does no damage. The gnoll hits you but does no damage.
The gnoll hits you but does no damage.
The gnoll hits you from afar with a +0 spear.
You die...

..#....# ##..#
#.#.#. ...#####
#..# #..... ...#
#..# ###.## ####
#..# ####.# .#*
**###*
#..#########.##.#
#.##**,,..#*
#.............#.#
##.##≈.~,#.##
#.##########.##.#
†....≈.~*##.####.#
#.##.#
.....≈.~,#...gg.♣#
#.##.#
#.###≈≈≈..########
##.##.# .##
##....* #..##.##
## ###.,***
#.###... *..,,,*
#.# #### #g,~,,**
##.### # #.~~,,,**
#.#..# # *,,~~,,,*
##.#.# # ***
*,,,~,,,* ###.# #


You could see a gnoll (inner flame) and a goblin (inner flame).

Vanquished Creatures
  2 adders (D:2)
  2 gnolls (D:2)
  A dart slug (D:2)
  A ball python (D:2)
  2 giant cockroaches (D:2)
  A goblin (D:2)
  A hobgoblin (D:2)
  A quokka (D:2)
  A bat (D:2)
  A frilled lizard (D:2)
  4 kobolds (D:2)
  2 rats (D:2)
19 creatures vanquished.

Notes
Turn   | Place    | Note
-------+----------+-------------------------------------------
     0 | D:1      | lonewolfV2 the Ogre Berserker began the quest for the Orb.
     0 | D:1      | Reached XP level 1. HP: 24/24 MP: 1/1
    51 | D:1      | Identified a scroll of acquirement
    51 | D:1      | Acquired a manual of Axes
   109 | D:2      | Found a sparkling altar of Nemelex Xobeh.
   120 | D:2      | Reached XP level 2. HP: 18/33 MP: 2/2
   133 | D:2      | Acquired the +2 cloak "Heips" {Dex+3}
   461 | D:2      | Reached XP level 3. HP: 37/40 MP: 3/3
   768 | D:2      | Slain by a gnoll

Illustrated notes

Levels and vault maps discovered:
D:1:      lemuel_arrival_room, layout_basic, ebering_ecumenical_altar_box
D:2:      layout_loops_ring, serial_rivers, chequers_serial_rivers_micro_e,
          chequers_serial_rivers_micro_b, chequers_serial_rivers_small_3,
          chequers_serial_rivers_micro_c, chequers_serial_rivers_micro_d,
          basic_altar

Skill      XL: |  1  2  3 |
---------------+----------+-----
Dodging        | 3 |  3.2
Axes           | 4 |  4.1
Fighting       | |  4.9

Action                   || total
-------------------------++-------
Melee: Hand axe          ||    76
       Punch             ||     1
  Use: Scroll            ||     4
       Potion            ||     2
Armor: Animal skin       ||    44
       Skin              ||    12
Dodge: Dodged            ||    46
